AoeStats
← rbpatter

Glade

503188196Analyzed
1v1 RM · 1mo ago on Aug 30, 2026· 26m 26s· 2 players
Game mode
Random Map
Map size
Tiny (2 player)
Population
200
Speed
Normal
Resources
Standard
Victory
Conquest
Starting age
Dark Age
Ending age
Imperial Age
RankedLock teamsTeams togetherTeam positionsShared explorationLock speedFull tech treeHidden civsTurbo modeCheats
Victory
Defeat
🇪🇸 Gurjaras · Spain
991
+14
🇺🇸 Magyars · United States
957
-39
rbpatter
12:26 Feudal Age
14:04 Scale Mail Armor
14:05 Padded Archer Armor
19:22 Man-at-Arms
23:29 Scale Barding Armor
23:42 Horse Collar
23:56 Double-Bit Axe
24:42 Loom
guillermo.martinj
5:28 Loom
10:19 Feudal Age
11:36 Double-Bit Axe
11:18 Man-at-Arms
11:43 Arson
16:08 Gold Mining
17:56 Forging
17:47 Scale Mail Armor
18:50 Wheelbarrow
18:57 Bloodlines
19:07 Horse Collar
23:39 Castle Age
23:21 Scale Barding Armor
23:47 Long Swordsman
25:58 Iron Casting
25:49 Heavy Plow
Connection lost

Rejoining the realm…

Still unreachable

The connection could not be restored.

Session expired

The server has moved on; the page needs a fresh start.